Map: Catalyst LE

Players

RAVEN - Winner!

  • Race: Terran Terran
  • League: Master
  • Spawn Location: 5:00

Cellsidus

  • Race: Zerg Zerg
  • League: Master
  • Spawn Location: 11:00

VOD

Have the link to the VOD?

Description

Time

  • Played on: July 21, 2018, 12:01 p.m.
  • Length: 16:33
Show
View Real Time Build Order
Export as new Build Order

RAVEN Terran - Winner!

Build Orders: Hellion Opening, Reaper Expand, Bio Tank 

Get SALT Encoding   

  12  0:00  SCV  
  13  0:13  SCV  
  14  0:17  Supply Depot  
  14  0:25  SCV  
  15  0:32  Refinery  
  15  0:38  SCV  
  16  0:44  Barracks  
  16  0:50  SCV  
  17  1:02  SCV  
  18  1:15  SCV  
  19  1:31  Reaper, Orbital Command  
  20  1:43  Command Center  
  20  1:55  Factory  
  20  1:58  SCV  
  21  2:05  Refinery  
  21  2:11  Barracks Reactor  
  21  2:12  SCV  
  22  2:19  Supply Depot  
  22  2:24  SCV  
  23  2:44  SCV  
  24  2:45  Starport  
  24  2:53  Barracks Tech Lab  
  24  2:54  Hellion x2  
  28  2:59  Orbital Command  
  28  3:13  SCV  
  28  3:19  Hellion x2  
  33  3:26  SCV  
  35  3:27  SCV  
  35  3:38  Viking, SCV  
  35  3:41  SCV  
  39  3:46  Supply Depot  
  39  3:47  Barracks Tech Lab  
  39  3:50  SCV  
  40  3:57  Hellion  
  40  3:58  Hellion, SCV  
  45  4:14  SCV x2  
  47  4:20  Command Center  
  47  4:24  Medivac  
  47  4:27  Stimpack  
  47  4:29  SCV  
  51  4:31  SCV  
  51  4:37  Supply Depot  
  51  4:41  SCV  
  51  4:43  Barracks, SCV  
  53  4:48  Factory Reactor  
  53  4:53  SCV  
  53  4:54  Barracks  
  53  4:59  SCV  
  55  5:05  SCV  
  56  5:11  SCV  
  56  5:12  Engineering Bay x2  
  57  5:17  SCV  
  57  5:18  Starport Reactor  
  58  5:22  Marine  
  58  5:23  SCV  
  60  5:29  SCV  
  60  5:34  Orbital Command, Refinery  
  60  5:35  Refinery, SCV  
  62  5:41  SCV  
  63  5:43  Marine  
  63  5:44  Marine  
  63  5:47  SCV  
  66  5:53  SCV  
  67  6:03  Marine x4  
  71  6:04  Siege Tank  
  71  6:09  Supply Depot  
  71  6:10  Barracks  
  74  6:12  Supply Depot, SCV  
  74  6:13  Orbital Command, Barracks  
  75  6:19  SCV  
  75  6:20  Supply Depot  
  75  6:21  Supply Depot  
  75  6:22  Supply Depot  
  75  6:24  Terran Infantry Weapons Level 1, Terran Infantry Armor Level 1, SCV  
  77  6:27  Combat Shields  
  77  6:30  Marine x2  
  77  6:31  Medivac, Marine x2  
  83  6:35  Medivac  
  83  6:39  SCV  
  76  6:45  Marine  
  76  6:46  Siege Tank  
  80  6:48  Marine  
  80  6:51  SCV  
  80  6:52  SCV x2  
  84  7:04  Marine x2, SCV x2  
  84  7:05  Barracks Reactor x2  
  84  7:06  SCV  
  84  7:07  Marine  
  90  7:14  Armory  
  90  7:16  SCV x2  
  90  7:22  Marine x3  
  95  7:23  Siege Tank  
  95  7:25  SCV  
  95  7:27  Refinery x2  
  95  7:28  SCV  
  100  7:36  Marine x2  
  102  7:37  Medivac x2  
  102  7:39  SCV  
  102  7:41  Marine  
  102  7:42  SCV  
  102  7:44  Factory  
  109  7:48  SCV  
  110  7:53  SCV  
  110  7:55  Supply Depot x2  
  110  7:56  Command Center, Supply Depot, Marine x2  
  113  7:59  Concussive Shells  
  113  8:01  SCV  
  113  8:02  Marine, SCV  
  116  8:06  SCV  
  116  8:13  SCV  
  116  8:16  Supply Depot, Terran Vehicle Weapons Level 1  
  116  8:19  Terran Infantry Weapons Level 2, Terran Infantry Armor Level 2  
  117  8:20  Marine x4  
  117  8:22  SCV  
  117  8:23  SCV  
  123  8:30  SCV  
  90  8:57  Marine  
  90  8:58  Marine x8  
  90  8:59  Factory Tech Lab  
  90  9:00  SCV, Siege Tank  
  90  9:01  SCV  
  97  9:03  SCV  
  97  9:04  Barracks  
  96  9:10  Barracks  
  96  9:13  Barracks, SCV x2  
  96  9:14  Command Center  
  96  9:15  Marine x2  
  100  9:22  SCV  
  101  9:26  Supply Depot  
  101  9:27  Barracks  
  101  9:28  Marine x3, Siege Tank  
  101  9:29  Marauder, Barracks  
  101  9:31  Barracks  
  109  9:33  Refinery x2, SCV  
  110  9:40  Supply Depot  
  110  9:41  Supply Depot  
  110  9:45  Ghost Academy  
  110  9:46  Ghost Academy x2  
  110  9:48  Planetary Fortress  
  110  9:57  Marine  
  111  10:06  Barracks Tech Lab  
  111  10:07  Marine x2  
  111  10:08  Medivac x2  
  111  10:09  Siege Tank x2  
  111  10:11  SCV  
  124  10:16  Supply Depot  
  124  10:20  Barracks Tech Lab x4  
  124  10:21  Liberator  
  123  10:27  Ghost  
  125  10:40  Planetary Fortress  
  125  10:42  Siege Tank x2  
  134  10:43  Missile Turret  
  134  10:51  Missile Turret, Terran Infantry Weapons Level 3, Terran Vehicle Weapons Level 2, Terran Infantry Armor Level 3  
  134  10:56  Personal Cloaking  
  134  10:57  Nuke x2  
  134  10:58  SCV  
  134  11:00  Barracks Tech Lab  
  134  11:03  Liberator  
  134  11:04  Marine x3, Liberator  
  135  11:07  Marauder x3  
  135  11:08  SCV  
  135  11:10  SCV  
  146  11:16  Marine x2  
  154  11:36  Marine  
  154  11:37  Ghost x3, Marine x4  
  154  11:39  Siege Tank  
  169  11:40  SCV  
  169  11:42  Refinery  
  169  11:44  Refinery, SCV  
  170  11:47  SCV  
  170  11:51  Marine x2  
  173  12:09  Ghost x4  
  173  12:10  Missile Turret  
  173  12:12  Missile Turret  
  173  12:14  Missile Turret  
  181  12:22  Nuke  
  181  12:29  Ghost x2, Marine  
  182  12:30  Ghost  
  188  12:51  SCV  
  178  12:58  Command Center  
  178  12:59  Command Center x3  
  178  13:25  Liberator x2  
  178  13:27  Nuke x3  
  178  13:32  Command Center  
  165  13:40  Ghost x3, Marine  
  169  13:41  Marauder x2  
  169  13:42  Marauder x2  
  169  13:44  Terran Ship Weapons Level 1  
  181  13:48  Armory  
  181  13:50  Armory  
  181  13:53  Factory  
  181  13:54  Starport  
  176  14:25  Marauder x2  
  176  14:26  Marauder x3  
  186  14:33  Starport Tech Lab  
  186  14:36  Starport  
  186  14:40  Fusion Core  
  186  15:07  Orbital Command x2  
  186  15:08  Orbital Command x2  
  186  15:12  Factory Tech Lab  
  186  15:14  Starport Reactor  
  186  15:25  Missile Turret  
  186  15:26  Missile Turret  
  186  15:28  Missile Turret  
  182  15:46  Command Center  
  182  15:48  Command Center  
  133  16:27  Command Center  
  133  16:28  Command Center  
  133  16:31  Command Center  
Show
View Real Time Build Order
Export as new Build Order

Cellsidus Zerg 

Build Orders: Hatch First 

Get SALT Encoding   

  12  0:00  Drone  
  13  0:13  Overlord  
  13  0:17  Drone  
  14  0:31  Drone x2  
  16  0:36  Drone  
  17  0:54  Hatchery  
  16  0:57  Drone  
  16  1:01  Drone  
  18  1:11  Extractor  
  18  1:16  Spawning Pool  
  16  1:19  Drone  
  16  1:22  Drone  
  18  1:28  Drone  
  19  1:41  Overlord  
  19  1:52  Drone  
  20  2:03  Zergling x2  
  20  2:05  Queen x2  
  20  2:06  Zergling x2  
  26  2:11  Metabolic Boost  
  26  2:13  Drone  
  27  2:20  Drone  
  27  2:22  Drone  
  29  2:28  Drone  
  30  2:35  Drone  
  31  2:40  Spore Crawler  
  31  2:41  Queen  
  32  2:44  Overlord  
  33  2:51  Drone x2  
  35  3:08  Hatchery  
  35  3:09  Drone x3  
  37  3:19  Drone x5  
  43  3:20  Drone  
  43  3:23  Overlord  
  43  3:27  Overlord  
  43  3:45  Zergling x8  
  43  3:47  Drone x2  
  43  3:48  Drone  
  50  3:56  Drone x4  
  50  3:57  Queen  
  56  4:07  Extractor  
  56  4:08  Extractor  
  56  4:09  Evolution Chamber  
  53  4:22  Drone x5  
  53  4:23  Drone  
  59  4:25  Zergling x2  
  59  4:26  Zergling x4  
  62  4:31  Overlord  
  62  4:33  Overlord x2  
  62  4:47  Evolution Chamber  
  62  4:48  Lair  
  62  4:49  Queen x2, Zerg Ground Armor Level 1  
  62  4:52  Drone x6  
  71  4:53  Drone  
  71  4:56  Drone x2  
  71  4:57  Drone  
  75  5:08  Drone x2, Extractor  
  75  5:09  Drone x2  
  75  5:10  Drone  
  75  5:13  Zerg Melee Weapons Level 1  
  79  5:29  Drone  
  79  5:30  Drone x2  
  79  5:31  Extractor  
  79  5:34  Drone  
  79  5:35  Overlord x4  
  82  5:43  Overlord, Hatchery  
  81  5:50  Hydralisk Den  
  75  6:04  Drone x5  
  76  6:05  Drone  
  76  6:07  Drone  
  76  6:08  Drone x2  
  83  6:15  Queen  
  83  6:17  Zergling x12  
  83  6:18  Hatchery  
  90  6:20  Hydralisk x3  
  90  6:21  Hydralisk x2  
  100  6:28  Baneling Nest  
  99  6:35  Hydralisk x4  
  99  6:36  Hydralisk  
  99  6:38  Hydralisk  
  111  6:41  Hydralisk  
  111  6:45  Muscular Augments  
  113  6:59  Drone  
  113  7:00  Zerg Ground Armor Level 2  
  114  7:01  Infestation Pit  
  114  7:05  Queen  
  114  7:06  Drone x2  
  114  7:07  Drone x2  
  119  7:09  Overlord x3  
  119  7:11  Zerg Melee Weapons Level 2  
  119  7:14  Centrifical Hooks  
  119  7:37  Hive  
  119  7:41  Drone x2  
  119  7:42  Drone x8  
  119  7:43  Drone x2, Zergling x2, Hydralisk x4  
  136  7:44  Zergling x2  
  141  8:00  Drone  
  141  8:02  Drone x3, Extractor  
  141  8:05  Grooved Spines  
  144  8:09  Zergling x2  
  144  8:12  Baneling x4  
  144  8:13  Baneling x8  
  144  8:22  Zergling x6, Hydralisk  
  144  8:24  Overlord x5  
  144  8:25  Overlord  
  149  8:28  Pathogen Glands  
  138  8:53  Extractor  
  138  8:55  Extractor  
  113  8:58  Zergling x4, Hydralisk x5  
  113  8:59  Zergling x14, Hydralisk x2  
  113  9:00  Zergling x18  
  113  9:01  Zergling x6  
  146  9:21  Drone x3, Ultralisk Cavern  
  146  9:22  Drone x3  
  151  9:29  Ultralisk Cavern  
  151  9:30  Hatchery  
  151  9:31  Infestor x2  
  153  9:34  Infestor  
  155  9:47  Adrenal Glands  
  155  9:55  Zergling x16  
  155  9:56  Zergling x8  
  167  10:02  Zerg Ground Armor Level 3  
  167  10:20  Zerg Melee Weapons Level 3  
  167  10:33  Baneling  
  167  10:34  Baneling x10  
  167  10:35  Baneling x6  
  167  10:37  Chitinous Plating  
  167  10:58  Ultralisk x2  
  185  11:04  Ultralisk  
  185  11:17  Zergling x10  
  185  11:18  Zergling x10  
  195  11:23  Overlord x2  
  195  11:43  Spire  
  194  11:52  Zergling x10  
  199  11:55  Baneling x6  
  199  11:56  Baneling x16  
  199  12:10  Extractor  
  199  12:13  Drone x2  
  186  12:54  Ultralisk  
  186  12:55  Zergling x10  
  186  12:58  Zerg Missile Weapons Level 1  
  163  13:18  Zergling x4, Hydralisk x4  
  163  13:19  Zergling x12, Hydralisk x7  
  181  13:20  Zergling x14, Hydralisk x3  
  181  13:21  Zergling x4  
  178  13:39  Ultralisk x2  
  189  13:45  Drone  
  189  13:46  Drone x8, Hatchery  
  189  13:47  Drone x4  
  200  13:55  Neural Parasite  
  200  13:59  Greater Spire  
  195  14:28  Overseer x2  
  195  14:29  Overseer  
  198  14:33  Infestor  
  198  14:34  Infestor  
  199  14:40  Overseer x2  
  199  14:42  Pneumatized Carapace  
  199  14:52  Infestor  
  197  15:11  Drone x2  
Tags
 
Add a new tag
Caveats
  • Supply blocks, unpowered buildings, or Contaminate may cause inaccurate times.
  • Supply counts are checked every 10 seconds.